 Dungeon Crawl Stone Soup version 0.31-a0-702-gf82c85558f (webtiles) character file.

Game seed: 2052102929593378934

20548 ForestMusic the Severer (level 12, -7/112 HPs)
             Began as a Minotaur Berserker on July 20, 2023.
             Was a High Priest of Trog.
             Mangled by an enormous slime creature (52 damage)
             ... on level 12 of the Dungeon on Sept 8, 2023.
             The game lasted 00:47:46 (11039 turns).

ForestMusic the Severer (Minotaur Berserker)       Turns: 11039, Time: 00:47:47

Health: -7/112     AC: 35    Str: 28    XL:     12   Next: 46%
Magic:  11/11      EV: 11    Int:  4    God:    Trog [*****.]
Gold:   633        SH:  5    Dex:  9    Spells: 11/11 levels left

rFire   . . .        Q - +6 battleaxe (protect)
rCold   . . .        (shield currently unavailable)
rNeg    . . .        G - +3 plate armour
rPois   .            (helmet restricted)
rElec   .            C - +1 cloak {Will+}
rCorr   .            c - +0 pair of gloves
SInv    .            i - +0 pair of boots
Will    +....        t - amulet of reflection Stlth
                     f - ring of flight
HPRegen 0.38/turn    h - +4 ring of protection
MPRegen 0.12/turn

%: reflection
@: under a protective aura, flying
A: horns 2, retaliatory headbutt
a: Renounce Religion, Berserk, Trog's Hand, Brothers in Arms


You were on level 12 of the Dungeon.
You worshipped Trog.
Trog was extremely pleased with you.
You visited 1 branch of the dungeon, and saw 12 of its levels.

You collected 633 gold pieces.

Inventory:

Hand Weapons
 q - the +6 whip of Anefoa {protect, Dex+5}
   (You found it on level 10 of the Dungeon)

   Dex+5:     It affects your dexterity (+5).
 u - a +3 whip
 K - a +4 halberd of freezing
 Q - a +6 battleaxe of protection (weapon)
 R - the +9 broad axe of Unreason {flame, rC+}
   (Trog gifted it to you on level 11 of the Dungeon)

   rC+:       It protects you from cold.
Missiles
 x - a throwing net
Armour
 c - a +0 pair of gloves (worn)
 i - a +0 pair of boots (worn)
 C - a +1 cloak of willpower (worn)
 G - a +3 plate armour (worn)
Jewellery
 b - a ring of positive energy
 f - a ring of flight (left hand)
 h - a +4 ring of protection (right hand)
 t - an amulet of reflection (around neck)
 D - a ring of resist corrosion
 L - a ring of protection from fire
 M - an amulet of regeneration
Talismans
 I - a dragon-blood talisman
Wands
 y - a wand of digging (10)
 F - a wand of polymorph (10)
 J - a wand of iceblast (10)
 O - a wand of paralysis (6)
 P - a wand of light (6)
Scrolls
 d - 2 scrolls of brand weapon
 e - a scroll of poison
 k - 3 scrolls of immolation
 l - 2 scrolls of teleportation
 m - 2 scrolls of summoning
 n - 2 scrolls of blinking
 o - a scroll of torment
 w - a scroll of amnesia
 E - a scroll of fear
 H - a scroll of revelation {unknown}
 N - 2 scrolls of vulnerability
 T - a scroll of fog {unknown}
Potions
 a - 5 potions of degeneration {unknown}
 g - 6 potions of attraction
 j - 4 potions of curing {unknown}
 p - 3 potions of haste {unknown}
 r - a potion of might {unknown}
 s - 2 potions of brilliance {unknown}
 v - a potion of enlightenment {unknown}
 z - 2 potions of berserk rage {unknown}
 A - 2 potions of heal wounds {unknown}
 B - a potion of mutation {unknown}
Miscellaneous
 S - a tin of tremorstones (2/2)


   Skills:
 + Level 12.2 Fighting
 + Level 15.0 Axes
 + Level 12.0 Armour
 + Level 11.0 Dodging


You had 11 spell levels left.
You didn't know any spells.
Your spell library contained the following spells:

 Spells                   Type           Power      Damage    Failure   Level
 Frozen Ramparts          Ice            0%         1d1       100%        3
 Petrify                  Tmut/Erth      0%         N/A       100%        4
 Metabolic Englaciation   Hex/Ice        0%         N/A       100%        5


Dungeon Overview and Level Annotations

Branches:
Dungeon (12/15)            Temple (0/1) D:5            Lair (0/5) D:10
    Orc (0/2) D:10

Altars:
Cheibriados
Dithmenos
Elyvilon
Kikubaaqudgha
Okawaru
Trog
Wu Jian
Xom
Zin
The Shining One

Shops:
D:2 (   D:4 ?   D:7 !   D:9 :

Portals:
Trove: D:10 (give 5 scrolls of fog)


Innate Abilities, Weirdness & Mutations

You have a pair of horns on your head.
You reflexively headbutt those who attack you in melee.


Message History

4 slime creatures come into view.
The slime creature quivers. x2
Two slime creatures merge to form a large slime creature.
Two slime creatures merge to form a very large slime creature.
The slime creature closely misses you. You furiously retaliate!
You headbutt the slime creature. You slice the slime creature!!
Your weapon exudes an aura of protection.
Your headbutt misses the slime creature.
The slime creature is heavily wounded.
The slime creature closely misses you.
A slime creature comes into view.
You slice the slime creature!!
You kill the slime creature!
Trog accepts your kill.
You slice the very large slime creature!!
You headbutt the very large slime creature!
The very large slime creature is lightly wounded.
The very large slime creature hits you!!
You slice the very large slime creature!!
Your headbutt misses the very large slime creature.
The very large slime creature is moderately wounded.
The very large slime creature misses you.
You slice the very large slime creature like a ripe choko!!!
The very large slime creature is heavily wounded.
The very large slime creature hits you!!!
Two slime creatures merge to form an enormous slime creature.
You hit the enormous slime creature.
You headbutt the enormous slime creature.
The enormous slime creature is heavily wounded.
You slice the enormous slime creature!!
You headbutt the enormous slime creature!
The enormous slime creature is heavily wounded.
You barely miss the enormous slime creature.
The enormous slime creature is heavily wounded.
The enormous slime creature hits you but does no damage.
You slice the enormous slime creature!!
The enormous slime creature is severely wounded.
The enormous slime creature hits you!!!
You die...

######.#######.#
#..(...#.@J....#
#......#.#########
#......#..........
#....>.#.......... #
#......#..........
########........#########
......))........#
.#######........# .#
##.......##


You could see an enormous slime creature.

Vanquished Creatures
  A hydra (D:10)
  2 centaur warriors (D:11)
  4 two-headed ogres
  2 boulder beetles (D:11)
  A tengu warrior (D:11)
  3 skeletal warriors (D:12)
  Pikel (D:7)
  An orc knight (D:11)
  A deep elf pyromancer (D:11)
  An ugly thing (D:11)
  3 cyclopes (D:11)
  A manticore (D:12)
  A gargoyle (D:10)
  A tengu conjurer (D:11)
  A kobold demonologist (D:9)
  A hornet (D:11)
  2 trolls
  A slime creature (D:12)
  3 wyverns (D:11)
  18 yaks
  A vampire (D:11)
  5 humans (D:7)
  2 acid dragons (D:11)
  2 water moccasins
  5 orc warriors
  3 ogres
  7 centaurs
  A lemure (D:7)
  A kobold brigand (D:7)
  Blork the orc (D:6)
  3 bullfrogs
  5 scorpions
  21 wights
  2 killer bees (D:11)
  2 howler monkeys
  3 hounds
  4 orc priests
  2 jellies
  6 iguanas
  10 orc wizards
  10 gnolls
  8 adders
  2 white imps
  An ufetubus (D:4)
  2 worms
  3 dart slugs
  32 orcs
  5 ball pythons
  2 bats (D:1)
  4 endoplasms
  2 giant cockroaches
  3 goblins
  7 hobgoblins
  17 kobolds
  5 quokkas
  4 frilled lizards
  2 rats
244 creatures vanquished.

Notes
Turn   | Place    | Note
-------+----------+-------------------------------------------
     0 | D:1      | ForestMusic the Minotaur Berserker began the quest for the
                  | Orb.
     0 | D:1      | Reached XP level 1. HP: 19/19 MP: 0/0
   205 | D:1      | Reached XP level 2. HP: 22/27 MP: 1/1
   379 | D:1      | Reached skill level 4 in Axes
   802 | D:1      | Reached XP level 3. HP: 33/33 MP: 2/2
   824 | D:1      | Reached ** piety under Trog
  1048 | D:2      | Upgraded the game from 0.31-a0-339-gda1cbd555d to
                  | 0.31-a0-365-gcf821cafb2
  1112 | D:2      | Found Edghith's Weapon Boutique.
  1435 | D:2      | Found a faded altar of an unknown god.
  1446 | D:2      | Identified the +0 ring mail of Forking Paths {Drain rElec
                  | Str+2 Dex+6}
  1455 | D:2      | Reached skill level 5 in Axes
  1898 | D:3      | Reached XP level 4. HP: 15/40 MP: 3/3
  1907 | D:3      | Reached skill level 6 in Axes
  2035 | D:3      | Found a glowing golden altar of the Shining One.
  2195 | D:3      | Reached XP level 5. HP: 46/46 MP: 4/4
  2340 | D:3      | Found a shimmering altar of Xom.
  2624 | D:4      | Reached skill level 7 in Axes
  3005 | D:4      | Found an ornate altar of the Wu Jian Council.
  3066 | D:4      | Reached skill level 8 in Axes
  3066 | D:4      | Reached XP level 6. HP: 52/52 MP: 5/5
  3102 | D:4      | Reached skill level 9 in Axes
  3306 | D:4      | Identified the +0 ring mail "Cuitaige" {rElec rPois SInv
                  | Stlth-}
  3429 | D:4      | Found Waodoul's Magic Scroll Shoppe.
  3471 | D:4      | Found a shadowy altar of Dithmenos.
  3573 | D:5      | Entered Level 5 of the Dungeon
  3575 | D:5      | Found a staircase to the Ecumenical Temple.
  3650 | D:5      | Reached XP level 7. HP: 54/58 MP: 6/6
  3780 | D:5      | Reached skill level 10 in Axes
  3860 | D:5      | Upgraded the game from 0.31-a0-365-gcf821cafb2 to
                  | 0.31-a0-369-g8eba5f6939
  4219 | D:5      | Found a white marble altar of Elyvilon.
  4653 | D:6      | Reached XP level 8. HP: 61/67 MP: 7/7
  4788 | D:6      | Reached skill level 5 in Fighting
  4806 | D:6      | Noticed Blork the orc
  4815 | D:6      | Killed Blork the orc
  4921 | D:6      | Reached *** piety under Trog
  5081 | D:7      | Noticed a two-headed ogre
  5099 | D:7      | Killed a two-headed ogre
  5100 | D:7      | Reached skill level 11 in Axes
  5100 | D:7      | Reached skill level 5 in Armour
  5100 | D:7      | Reached skill level 5 in Dodging
  5100 | D:7      | Reached XP level 9. HP: 25/78 MP: 8/8
  5285 | D:7      | Upgraded the game from 0.31-a0-369-g8eba5f6939 to
                  | 0.31-a0-557-g6e16503903
  5405 | D:7      | Noticed Pikel
  5419 | D:7      | Killed Pikel
  5428 | D:7      | Found an iron altar of Okawaru.
  5466 | D:7      | Found a bloodstained altar of Trog.
  5596 | D:7      | Found a glowing silver altar of Zin.
  5648 | D:7      | Reached skill level 12 in Axes
  5725 | D:7      | Found Odawen's Distillery.
  5991 | D:7      | You are sucked into a shaft and drop 1 floor!
  6342 | D:8      | Reached XP level 10. HP: 87/88 MP: 9/9
  6343 | D:8      | Reached **** piety under Trog
  6384 | D:8      | Found an ancient bone altar of Kikubaaqudgha.
  7289 | D:9      | Found Goerr's Vocational Training.
  8079 | D:9      | Identified the +5 dagger "Pueder" {venom, rC++ rCorr MP-9
                  | Stlth+}
  8098 | D:9      | Found a snail-covered altar of Cheibriados.
  8322 | D:10     | Entered Level 10 of the Dungeon
  8322 | D:10     | Noticed a gargoyle
  8327 | D:10     | Killed a gargoyle
  8373 | D:10     | Identified the +6 whip of Anefoa {protect, Dex+5}
  8430 | D:10     | Found a staircase to the Lair.
  8442 | D:10     | Reached skill level 13 in Axes
  8497 | D:10     | Noticed a seven-headed hydra
  8514 | D:10     | Killed a seven-headed hydra
  8706 | D:10     | Reached XP level 11. HP: 89/99 MP: 10/10
  8771 | D:10     | Found a portal to a secret trove of treasure.
  8895 | D:10     | Found a staircase to the Orcish Mines.
  9086 | D:10     | Upgraded the game from 0.31-a0-557-g6e16503903 to
                  | 0.31-a0-672-g7da72447bb
  9105 | D:11     | Reached skill level 10 in Fighting
  9113 | D:11     | Reached ***** piety under Trog
  9205 | D:11     | Noticed a two-headed ogre
  9208 | D:11     | Noticed a red ugly thing
  9209 | D:11     | Killed a two-headed ogre
  9210 | D:11     | Reached skill level 10 in Armour
  9212 | D:11     | Noticed a boulder beetle
  9216 | D:11     | Killed a red ugly thing
  9216 | D:11     | Noticed a two-headed ogre
  9222 | D:11     | Killed a two-headed ogre
  9245 | D:11     | Killed a boulder beetle
  9500 | D:11     | Noticed a boulder beetle
  9539 | D:11     | Killed a boulder beetle
  9576 | D:11     | Identified the +9 broad axe of Unreason {flame, rC+} (Trog
                  | gifted it to you on level 11 of the Dungeon)
  9576 | D:11     | Received a gift from Trog
  9598 | D:11     | Reached skill level 14 in Axes
  9688 | D:11     | Noticed a two-headed ogre
  9699 | D:11     | Noticed a centaur warrior
  9708 | D:11     | Killed a two-headed ogre
  9710 | D:11     | Reached skill level 10 in Dodging
  9717 | D:11     | Killed a centaur warrior
  9717 | D:11     | Noticed an orc knight
  9718 | D:11     | Noticed a tengu warrior
  9734 | D:11     | Killed a tengu warrior
  9735 | D:11     | Reached XP level 12. HP: 80/110 MP: 11/11
 10038 | D:11     | Noticed a centaur warrior
 10057 | D:11     | Killed a centaur warrior
 10436 | D:12     | Upgraded the game from 0.31-a0-672-g7da72447bb to
                  | 0.31-a0-702-gf82c85558f
 10785 | D:12     | Reached skill level 15 in Axes
 11039 | D:12     | Mangled by an enormous slime creature

Illustrated notes

Levels and vault maps discovered:
D:1:      erik_arrival_blinker_ship, layout_loops_corners,
          minmay_misc_feat_rugged, minmay_misc_feat_cross,
          chequers_serial_rivers_small_a
D:2:      layout_loops_ring, nicolae_ecumenical_oubliette, serial_shops,
          nicolae_shop_bloodbath_and_beyond, kennysheep_big_empty_room,
          minmay_door_square, minmay_stone_trees_small, skrybe_limestone_x,
          minivault_5
D:3:      layout_basic, mainiacjoe_overflow_large_starburst
D:4:      layout_loops_ring, nzn_wu_jian_contemplation, grunt_dithmenos_smoke,
          serial_shops, shop
D:5:      layout_loops_ring, mainiacjoe_overflow_alcove_1,
          minmay_temple_entry_large_hall, nicolae_the_louvre
D:6:      layout_loops_cross, columned_hall_lemuel, uniq_blork_the_orc
D:7:      layout_loops_corners, nicolae_overflow_squiral, zin_treasury,
          serial_shops, shop, st_stairs_9, minmay_ruffians, uniq_pikel
D:8:      layout_loops_corners, kiku_gazebo_garden_becter
D:9:      layout_loops_corners, kennysheep_slug_shrine, nicolae_shop_vocational
D:10:     layout_roguey, lair_entry_dummy, orc_0_dummy,
          nicolae_trove_entry_crystal
D:11:     minmay_the_grid_3x2 [minmay_the_grid_empty, minmay_the_grid_gridbox,
          minmay_the_grid_minigrid_small_alt, minmay_the_grid_expand,
          minmay_the_grid_minigrid_medium, minmay_the_grid_prize_trominoes],
          layout_loops_ring, nzn_sisyphean_effort
D:12:     layout_basic, serial_shops, shop, hangedman_corner_corridor,
          uniq_rupert

Skill      XL: |  1  2  3  4  5  6  7  8  9 10 11 12 |
---------------+-------------------------------------+-----
Axes           | 4 5 6 8 9 10 11 12 13 14 15 | 15.0
Fighting       | 4 6 8 9 11 12 | 12.2
Armour         | 3 5 7 9 11 12 | 12.0
Dodging        | 3 5 7 8 10 11 | 11.0

Action                     |  1- 3 |  4- 6 |  7- 9 | 10-12 || total
---------------------------+-------+-------+-------+-------++-------
  Melee: Hand axe          |    71 |    28 |   198 |   111 ||   408
         Headbutt          |    10 |    12 |    35 |    75 ||   132
         Punch             |     1 |     1 |     4 |     4 ||    10
         War axe           |     6 |    79 |       |       ||    85
         Battleaxe         |       |       |       |   241 ||   241
         Whip              |       |       |       |     8 ||     8
 Invoke: Berserk           |       |     3 |       |       ||     3
  Evoke: Wand              |       |       |       |     6 ||     6
    Use: Scroll            |     4 |       |     4 |     9 ||    17
 Armour: Chain mail        |    49 |    51 |    61 |       ||   161
         Plate armour      |       |       |    20 |   271 ||   291
  Dodge: Dodged            |    39 |    50 |    61 |   141 ||   291
  Block: Other             |       |    18 |    36 |    60 ||   114
         Reflection        |       |       |     1 |     4 ||     5

Table legend: (Time is in decaauts)
 A = Elapsed time spent in this place.
 B = Non-inter-level travel time spent in this place.
 C = Inter-level travel time spent in this place.
 D = Time resting spent in this place.
 E = Time spent auto-exploring this place.
 F = Levels seen in this place.
 G = Mean time per level.
                   A        B        C        D        E       F      G
               +--------+--------+--------+--------+--------+-----+--------+
         Total |  11113 |  10674 |    439 |    591 |   7985 |  12 |  926.1 |
       Dungeon |  11113 |  10674 |    439 |    591 |   7985 |  12 |  926.1 |
               +--------+--------+--------+--------+--------+-----+--------+

Top non-repeatable levels by time:
    D:11: 1340 daAuts
     D:7: 1236 daAuts
     D:4: 1078 daAuts
     D:1: 1053 daAuts
     D:9: 1032 daAuts
     D:8: 993 daAuts
     D:2: 821 daAuts
     D:6: 775 daAuts
    D:10: 770 daAuts
     D:5: 738 daAuts
     D:3: 672 daAuts
    D:12: 601 daAuts
